 Dungeon Crawl Stone Soup version 0.27-a0-1081-ge8a0a9c698 (webtiles) character file.

Game seed: 8688605388071878430

142 spidyfan21 the Poker (level 5, 0/41 HPs)
             Began as a Merfolk Gladiator on Apr 26, 2021.
             Slain by a black bear (1 damage)
             ... on level 4 of the Dungeon.
             The game lasted 00:25:34 (2271 turns).

spidyfan21 the Poker (Merfolk Gladiator)            Turns: 2271, Time: 00:25:34

Health: 0/41       AC: 10    Str: 14    XL:     5   Next: 25%
Magic:  5/5        EV:  7    Int:  7    God:
Gold:   168        SH:  0    Dex: 17    Spells: 4/4 levels left

rFire    . . .     SeeInvis .   a - +0 trident
rCold    . . .     Faith    .   (no shield)
rNeg     . . .     Spirit   .   p - +0 chain mail
rPois    .         Reflect  .   c - +0 helmet
rElec    .         Harm     .   (no cloak)
rCorr    .         Rampage  .   g - +0 pair of gloves
Will     .....                  (no boots)
Stlth    ..........             (no amulet)
HPRegen  0.13/turn              (no ring)
MPRegen  0.09/turn              (no ring)

@: no status effects
A: (nimble swimmer 2), mertail
a: no special abilities


You were on level 4 of the Dungeon.
You visited 1 branch of the dungeon, and saw 4 of its levels.

You collected 168 gold pieces.

Inventory:

Hand Weapons
 a - a +0 trident (weapon)
 f - a +0 hunting sling
 h - a +2 short sword of venom
 i - a +0 club
 k - a +0 club
 l - a +0 dagger
 m - a +0 quarterstaff
 s - a +0 whip
 t - a +0 club
 w - a +1 long sword of holy wrath
Missiles
 d - 3 throwing nets (quivered)
 j - 23 arrows
 C - 16 bolts
 D - 12 sling bullets
Armour
 b - a +0 leather armour
 c - a +0 helmet (worn)
 g - a +0 pair of gloves (worn)
 o - a +0 pair of gloves
 p - a +0 chain mail (worn)
 y - a +0 robe
Scrolls
 n - a scroll of enchant armour {unknown}
 u - 2 scrolls of amnesia {unknown}
 v - a scroll of brand weapon {unknown}
 x - a scroll of vulnerability {unknown}
 A - 2 scrolls of holy word
 E - 2 scrolls of teleportation {unknown}
Potions
 e - 3 potions of curing {unknown}
 r - 2 potions of brilliance {unknown}
 z - a potion of berserk rage {unknown}
 B - a potion of mutation {unknown}
 F - a potion of haste {unknown}


   Skills:
 + Level 3.0 Fighting
 + Level 0.4 Short Blades
 + Level 6.0 Polearms
 + Level 2.3 Throwing
 + Level 1.2 Armour
 + Level 4.9 Dodging
 + Level 0.3 Stealth


You had 4 spell levels left.
You didn't know any spells.
Your spell library contained the following spells:

 Spells                   Type           Power      Damage    Failure   Level
 Magic Dart               Conj           0%         1d3       100%        1
 Blink                    Tloc           N/A        N/A       100%        2
 Call Imp                 Summ           0%         N/A       100%        2
 Slow                     Hex            0%         N/A       100%        2
 Conjure Flame            Conj/Fire      0%         6-21      100%        3
 Mephitic Cloud           Conj/Pois/Air  0%         N/A       100%        3


Dungeon Overview and Level Annotations

Branches:
Dungeon (4/15)
 Temple: D:4-7

Altars:
The Shining One


Innate Abilities, Weirdness & Mutations

((You are quick and stealthy near water. (Stealth+, EV+, Speed+++)))
Your lower body shifts to a powerful aquatic tail in water.


Message History

The black bear is heavily wounded.
The black bear barely misses you. The black bear claws you.
The black bear claws you but does no damage.
You closely miss the black bear.
The black bear is heavily wounded.
The black bear bites you.
The black bear claws you but does no damage. x2
You hit the black bear but do no damage.
The black bear is heavily wounded.
The black bear bites you. The black bear misses you.
The black bear barely misses you.
You closely miss the black bear.
The black bear is heavily wounded.
The black bear bites you. The black bear claws you.
The black bear closely misses you.
A goblin comes into view. It is wielding a +0 club.
The goblin shouts!
You puncture the black bear!
The black bear is severely wounded.
The black bear bites you.
The black bear claws you but does no damage. x2
You barely miss the black bear.
The black bear is severely wounded.
The black bear goes berserk!
You closely miss the black bear.
The black bear is severely wounded.
The black bear bites you! The black bear claws you.
* * * LOW HITPOINT WARNING * * *
The black bear claws you but does no damage.
You barely miss the black bear.
The black bear is severely wounded.
The black bear bites you but does no damage.
The black bear claws you.
* * * LOW HITPOINT WARNING * * *
The black bear claws you but does no damage.
The black bear bites you.
* * * LOW HITPOINT WARNING * * *
The black bear claws you but does no damage.
The black bear claws you.
You die...

#.........
#..#####..# ?#
#[.# .# #. #..#
.##. #.###..###
.#. #......[.#
.. #####.)#.# .#
#..#.####.##.###
#..#...@hg....).
#..######......#
#... ....!..
#... .......
#### .......
._..... .......
...8...


You could see a black bear (berserk) and a goblin.

Vanquished Creatures
  Jessica (D:2)
  7 adders (D:3)
  An adder zombie (D:4)
  7 ball pythons
  8 endoplasms
  2 hobgoblins
  3 jackals (D:1)
  2 quokkas
  9 bats
  3 goblins
  7 kobolds
  5 rats
55 creatures vanquished.

Notes
Turn   | Place    | Note
-------+----------+-------------------------------------------
     0 | D:1      | spidyfan21 the Merfolk Gladiator began the quest for the
                  | Orb.
     0 | D:1      | Reached XP level 1. HP: 16/16 MP: 1/1
   150 | D:1      | Reached XP level 2. HP: 19/22 MP: 2/2
   843 | D:2      | Reached skill level 5 in Polearms
   843 | D:2      | Reached XP level 3. HP: 27/27 MP: 3/3
  1051 | D:2      | Noticed Jessica
  1055 | D:2      | Killed Jessica
  1122 | D:2      | Reached XP level 4. HP: 6/34 MP: 4/4
  1985 | D:3      | Reached skill level 1 in Armour
  2014 | D:3      | Reached XP level 5. HP: 31/40 MP: 5/5
  2028 | D:3      | Reached skill level 6 in Polearms
  2252 | D:4      | Found a glowing golden altar of the Shining One.
  2252 | D:4      | Noticed a black bear
  2271 | D:4      | HP: 1/41 [black bear (4)]
  2271 | D:4      | Slain by a black bear

Illustrated notes

Levels and vault maps discovered:
D:1:      beargit_arrival_diablo_church, layout_basic, minmay_fountain_box,
          minmay_box_of_dots
D:2:      layout_basic, minmay_distorted, uniq_jessica
D:3:      layout_loops_ring, minmay_curled_crystal, minmay_snake_closets
D:4:      layout_loops_ring, amcnicky_altar_gilded, grunt_temple_overflow_open,
          kennysheep_orc_chapel, uniq_duvessa, uniq_menkaure, uniq_robin

Skill      XL: |  1  2  3  4  5 |
---------------+----------------+-----
Polearms       | 5 6 |  6.0
Armour         | 1 |  1.2
Fighting       | 3 |  3.0
Short Blades   | |  0.4
Throwing       | |  2.3
Dodging        | |  4.9
Stealth        | |  0.3

Action                   |  1- 3 |  4- 6 || total
-------------------------+-------+-------++-------
Melee: Trident           |   108 |    65 ||   173
       Short sword       |       |    48 ||    48
  Use: Scroll            |     1 |     1 ||     2
 Stab: Sleeping          |     1 |       ||     1
Armor: Leather armour    |    25 |       ||    25
       Chain mail        |    53 |    91 ||   144
Dodge: Dodged            |    72 |    47 ||   119

Table legend: (Time is in decaauts)
 A = Elapsed time spent in this place.
 B = Non-inter-level travel time spent in this place.
 C = Inter-level travel time spent in this place.
 D = Time resting spent in this place.
 E = Time spent auto-exploring this place.
 F = Levels seen in this place.
 G = Mean time per level.
                   A        B        C        D        E       F      G
               +--------+--------+--------+--------+--------+-----+--------+
         Total |   2282 |   2210 |     72 |      0 |     63 |   4 |  570.5 |
       Dungeon |   2282 |   2210 |     72 |      0 |     63 |   4 |  570.5 |
               +--------+--------+--------+--------+--------+-----+--------+

Top non-repeatable levels by time:
     D:1: 819 daAuts
     D:3: 784 daAuts
     D:2: 552 daAuts
     D:4: 126 daAuts
